General information
- name: BNet
- type: Ladder team game (AT/RT)
- host: Battle.net
- saver: OWNUBEFOREBED
map: Battleground
- players: 8
- length: 26:24
- speed: Fast
- version: 1.26 W3XP
- replay type: Public
» download(213 KB)
Players
team 1 (loser)

»
leavebeforeWIN (
purple | 129 APM | 2420 actions | 18:43)
3 Archmage
2 Summon Water Elemental
1 Brilliance Aura
2 Paladin
1 Holy Light
1 Divine Shield
1 Mountain King
1 Storm Bolt
» actions
| Assign group hotkey | 28 | |
| Basic commands | 156 | |
| Build / train | 57 | |
| ESC pressed | 4 | |
| Enter build submenu | 17 | |
| Enter hero's abilities submenu | 6 | |
| Right click | 655 | |
| Select / deselect | 549 | |
| Select group hotkey | 852 | |
| Use ability | 96 | |
2420 total
» units
| Peasant | 11 | |
| Footman | 8 | |
| Forest Troll Shadow Priest | 5 | |
| Mortar Team | 5 | |
| Spell Breaker | 3 | |
32 total
» upgrades
| Gunpowder | 1 | |
| Fragmentation Shards | 1 | |
| Flare | 1 | |
| Control Magic | 1 | |
4 total
» buildings
| Altar of Kings | 1 | |
| Barracks | 1 | |
| Farm | 9 | |
| Arcane Vault | 1 | |
| Keep | 1 | |
| Lumber Mill | 1 | |
| Blacksmith | 1 | |
| Castle | 1 | |
| Workshop | 2 | |
| Scout Tower | 5 | |
| Arcane Sanctum | 1 | |
| Guard Tower | 2 | |
26 total
» build order
01:18 Altar of Kings
01:32 Barracks
01:46 Farm
02:03 Farm
02:46 Farm
04:02 Farm
04:18 Arcane Vault
05:00 Keep
05:04 Lumber Mill
06:38 Blacksmith
07:23 Castle
07:40 Farm
07:41 Farm
07:42 Farm
08:36 Workshop
08:38 Workshop
10:44 Scout Tower
10:45 Scout Tower
13:21 Arcane Sanctum
13:57 Guard Tower
14:01 Farm
14:01 Farm
17:09 Scout Tower
17:09 Scout Tower
17:10 Scout Tower
18:21 Guard Tower
» items
| Staff of Sanctuary | 1 | |
| Scroll of Regeneration | 2 | |
| Potion of Healing | 1 | |
| Scroll of Town Portal | 2 | |
6 total

»
Baumwolle (
pink | 119 APM | 2210 actions | 18:36)
3 Archmage
2 Summon Water Elemental
1 Brilliance Aura
1 Mountain King
1 Storm Bolt
1 Paladin
1 Holy Light
» actions
| Assign group hotkey | 169 | |
| Basic commands | 125 | |
| Build / train | 55 | |
| Enter build submenu | 18 | |
| Enter hero's abilities submenu | 5 | |
| Give item / drop item | 5 | |
| Remove unit from queue | 3 | |
| Right click | 789 | |
| Select / deselect | 293 | |
| Select group hotkey | 625 | |
| Use ability | 123 | |
2210 total
» units
| Peasant | 8 | |
| Footman | 6 | |
| Forest Troll Berserker | 1 | |
| Rifleman | -1 | |
| Mortar Team | 1 | |
| Knight | 3 | |
| Siege Engine | 2 | |
20 total
» upgrades
| Masonry | 2 | |
| Lumber Harvesting | 1 | |
| Plating | 1 | |
| Barrage | 1 | |
| Animal War Training | 2 | |
7 total
» buildings
| Altar of Kings | 1 | |
| Barracks | 2 | |
| Farm | 8 | |
| Lumber Mill | 1 | |
| Scout Tower | 1 | |
| Arcane Tower | 1 | |
| Arcane Vault | 1 | |
| Keep | 2 | |
| Blacksmith | 1 | |
| Castle | 1 | |
| Workshop | 2 | |
21 total
» build order
00:08 Altar of Kings
00:17 Barracks
00:39 Farm
01:23 Farm
01:26 Farm
01:52 Farm
01:58 Lumber Mill
02:43 Farm
02:47 Scout Tower
03:07 Barracks
03:17 Arcane Tower
03:25 Arcane Vault
05:12 Farm
05:18 Keep
05:18 Keep
05:46 Blacksmith
06:14 Farm
07:48 Castle
08:31 Workshop
08:38 Workshop
10:22 Farm
» items
| Scroll of Regeneration | 3 | |
| Scroll of Town Portal | 1 | |
| Potion of Healing | 3 | |
| Lesser Clarity Potion | 1 | |
8 total
POOPSICKLE. (
teal | 63 APM | 1654 actions | 26:22)
6 Mountain King
3 Storm Bolt
2 Bash
1 Avatar
» actions
| Assign group hotkey | 49 | |
| Basic commands | 1 | |
| Build / train | 70 | |
| Enter build submenu | 21 | |
| Enter hero's abilities submenu | 6 | |
| Give item / drop item | 5 | |
| Right click | 726 | |
| Select / deselect | 187 | |
| Select group hotkey | 502 | |
| Use ability | 87 | |
1654 total
» units
» upgrades
| Lumber Harvesting | 2 | |
| Masonry | 3 | |
| Animal War Training | 1 | |
| Swords | 2 | |
| Armor | 2 | |
| Storm Hammers | 1 | |
11 total
» buildings
| Altar of Kings | 1 | |
| Farm | 12 | |
| Scout Tower | 27 | |
| Keep | 1 | |
| Lumber Mill | 1 | |
| Arcane Tower | 1 | |
| Arcane Vault | 1 | |
| Blacksmith | 1 | |
| Guard Tower | 16 | |
| Castle | 1 | |
| Gryphon Aviary | 2 | |
| Barracks | 1 | |
| Arcane Sanctum | 1 | |
| Town Hall | 1 | |
67 total
» build order
00:07 Altar of Kings
00:20 Farm
02:05 Scout Tower
02:08 Keep
02:23 Lumber Mill
02:39 Arcane Tower
02:43 Arcane Vault
03:16 Blacksmith
03:22 Scout Tower
03:23 Scout Tower
03:28 Scout Tower
03:56 Guard Tower
04:39 Castle
05:33 Gryphon Aviary
06:10 Gryphon Aviary
06:34 Guard Tower
06:38 Farm
06:38 Farm
06:40 Farm
06:41 Farm
06:41 Farm
07:30 Farm
07:31 Farm
07:32 Farm
09:18 Barracks
11:37 Scout Tower
11:37 Scout Tower
11:38 Scout Tower
11:39 Scout Tower
11:39 Scout Tower
11:39 Scout Tower
12:46 Guard Tower
12:46 Guard Tower
13:08 Guard Tower
14:54 Scout Tower
14:54 Scout Tower
14:55 Scout Tower
14:56 Scout Tower
14:56 Scout Tower
14:56 Scout Tower
15:44 Guard Tower
15:44 Guard Tower
16:15 Guard Tower
16:15 Guard Tower
16:18 Scout Tower
16:18 Scout Tower
16:18 Scout Tower
16:20 Scout Tower
16:20 Scout Tower
16:20 Scout Tower
17:10 Guard Tower
17:29 Guard Tower
18:26 Guard Tower
18:26 Guard Tower
18:28 Farm
18:29 Farm
18:29 Farm
20:48 Scout Tower
20:48 Scout Tower
20:48 Scout Tower
20:55 Scout Tower
20:55 Scout Tower
21:12 Arcane Sanctum
21:21 Guard Tower
22:48 Guard Tower
24:17 Town Hall
» items
| Staff of Teleportation | 1 | |
| Boots of Speed | 1 | |
| Ivory Tower | 3 | |
| Scroll of Regeneration | 2 | |
| Orb of Fire | 1 | |
| Scroll of Town Portal | 7 | |
| Potion of Lesser Invulnerability | 1 | |
| Potion of Mana | 1 | |
| Staff of Sanctuary | 1 | |
18 total

»
BallisticBooger (
blue | 45 APM | 854 actions | 18:46)
3 Paladin
1 Holy Light
2 Divine Shield
1 Mountain King
1 Storm Bolt
» actions
| Assign group hotkey | 15 | |
| Basic commands | 1 | |
| Build / train | 50 | |
| ESC pressed | 16 | |
| Enter build submenu | 53 | |
| Enter hero's abilities submenu | 4 | |
| Right click | 314 | |
| Select / deselect | 203 | |
| Select group hotkey | 118 | |
| Use ability | 80 | |
854 total
» units
| Peasant | 16 | |
| Footman | 6 | |
| Rifleman | 4 | |
| Forest Troll Berserker | 1 | |
| Knight | 2 | |
29 total
» upgrades
| Plating | 2 | |
| Lumber Harvesting | 2 | |
| Masonry | 1 | |
| Swords | 2 | |
| Gunpowder | 1 | |
8 total
» buildings
| Altar of Kings | 1 | |
| Farm | 19 | |
| Barracks | 2 | |
| Blacksmith | 1 | |
| Lumber Mill | 4 | |
| Keep | 1 | |
| Arcane Vault | 1 | |
| Scout Tower | 17 | |
| Castle | 1 | |
| Guard Tower | 5 | |
52 total
» build order
00:21 Altar of Kings
00:36 Farm
00:49 Barracks
01:24 Blacksmith
01:28 Farm
02:26 Farm
02:53 Farm
03:39 Lumber Mill
03:46 Farm
03:48 Farm
03:58 Keep
05:29 Arcane Vault
06:56 Farm
07:45 Barracks
08:30 Scout Tower
08:34 Scout Tower
08:46 Scout Tower
08:54 Scout Tower
08:59 Scout Tower
09:04 Scout Tower
09:06 Castle
09:25 Farm
09:28 Scout Tower
09:38 Scout Tower
09:55 Scout Tower
10:06 Farm
10:34 Guard Tower
10:44 Guard Tower
11:33 Farm
11:42 Farm
12:22 Farm
12:31 Lumber Mill
12:38 Lumber Mill
12:51 Farm
13:20 Farm
13:41 Farm
14:10 Scout Tower
14:15 Scout Tower
14:29 Lumber Mill
15:16 Farm
15:19 Scout Tower
15:24 Scout Tower
15:34 Scout Tower
16:16 Scout Tower
16:18 Farm
16:20 Farm
17:11 Guard Tower
17:14 Farm
17:38 Guard Tower
18:16 Guard Tower
18:25 Scout Tower
18:26 Scout Tower
team 2 (winner)

»
thatdudeagain (
orange | 70 APM | 1787 actions | 25:32)
5 Tauren Chieftain
3 Endurance Aura
2 War Stomp
3 Shadow Hunter
2 Healing Wave
1 Hex
» actions
| Assign group hotkey | 23 | |
| Basic commands | 11 | |
| Build / train | 66 | |
| Enter build submenu | 28 | |
| Enter hero's abilities submenu | 9 | |
| Give item / drop item | 1 | |
| Remove unit from queue | 1 | |
| Right click | 698 | |
| Select / deselect | 325 | |
| Select group hotkey | 537 | |
| Use ability | 88 | |
1787 total
» units
| Peon | 13 | |
| Grunt | 12 | |
| Shaman | 4 | |
| Tauren | 2 | |
| Demolisher | 1 | |
| Troll Headhunter/Berserker | 4 | |
36 total
» upgrades
| Pillage | 1 | |
| Spiked Barricades | 1 | |
| Armor | 2 | |
| Melee Weapons | 2 | |
| Shaman Training | 2 | |
| Berserker Strength | 0 | |
| Reinforced Defenses | 1 | |
| Berserker Upgrade | 1 | |
10 total
» buildings
| Altar of Storms | 1 | |
| Orc Burrow | 9 | |
| War Mill | 2 | |
| Barracks | 1 | |
| Voodoo Lounge | 1 | |
| Watch Tower | 8 | |
| Stronghold | 1 | |
| Spirit Lodge | 1 | |
| Fortress | 1 | |
| Tauren Totem | 2 | |
| Great Hall | 2 | |
29 total
» build order
00:10 Altar of Storms
00:14 Orc Burrow
01:24 War Mill
01:28 Barracks
01:44 Orc Burrow
03:24 Voodoo Lounge
03:50 Watch Tower
04:35 Stronghold
04:51 Orc Burrow
06:42 Watch Tower
06:52 Watch Tower
07:14 Spirit Lodge
08:35 Fortress
08:43 Orc Burrow
10:47 Orc Burrow
12:16 Orc Burrow
12:18 Orc Burrow
12:21 Orc Burrow
13:47 Tauren Totem
14:31 Tauren Totem
19:08 Orc Burrow
19:31 Great Hall
20:25 Great Hall
21:00 Watch Tower
21:06 Watch Tower
21:06 Watch Tower
22:05 Watch Tower
22:08 Watch Tower
22:58 War Mill
» items
| Healing Salve | 1 | |
| Orb of Fire | 1 | |
| Scroll of Town Portal | 2 | |
| Staff of Sanctuary | 1 | |
| Orb of Lightning | 2 | |
7 total

»
Gary-Busey.1 (
green | 51 APM | 1199 actions | 23:39)
5 Tauren Chieftain
2 War Stomp
3 Endurance Aura
4 Shadow Hunter
2 Healing Wave
2 Hex
» actions
| Assign group hotkey | 12 | |
| Basic commands | 22 | |
| Build / train | 54 | |
| Enter build submenu | 24 | |
| Enter hero's abilities submenu | 9 | |
| Give item / drop item | 1 | |
| Right click | 680 | |
| Select / deselect | 303 | |
| Select group hotkey | 38 | |
| Use ability | 56 | |
1199 total
» units
| Peon | 8 | |
| Grunt | 2 | |
| Troll Headhunter/Berserker | 9 | |
| Kodo Beast | 1 | |
| Wind Rider | 5 | |
| Troll Witch Doctor | 3 | |
28 total
» upgrades
| Ranged Weapons | 2 | |
| Witch Doctor Training | 2 | |
| Armor | 1 | |
| Berserker Upgrade | 1 | |
| Envenomed Spears | 1 | |
| Troll Regeneration | 1 | |
| Reinforced Defenses | 1 | |
9 total
» buildings
| Altar of Storms | 1 | |
| Orc Burrow | 12 | |
| Barracks | 1 | |
| War Mill | 1 | |
| Voodoo Lounge | 1 | |
| Stronghold | 1 | |
| Spirit Lodge | 1 | |
| Beastiary | 1 | |
| Fortress | 1 | |
| Watch Tower | 5 | |
25 total
» build order
00:08 Altar of Storms
00:11 Orc Burrow
00:29 Barracks
01:49 War Mill
01:59 Orc Burrow
02:36 Voodoo Lounge
03:38 Orc Burrow
04:29 Stronghold
05:14 Orc Burrow
06:57 Spirit Lodge
06:59 Beastiary
07:44 Fortress
09:27 Orc Burrow
12:15 Orc Burrow
12:20 Watch Tower
12:25 Watch Tower
15:15 Orc Burrow
15:37 Watch Tower
16:12 Orc Burrow
16:16 Watch Tower
16:53 Watch Tower
17:44 Orc Burrow
17:49 Orc Burrow
19:31 Orc Burrow
19:37 Orc Burrow
» items
| Healing Salve | 1 | |
| Scroll of Town Portal | 2 | |
| Orb of Lightning | 1 | |
4 total
OWNUBEFOREBED (
yellow | 97 APM | 2556 actions | 26:24)
7 Mountain King
3 Storm Bolt
2 Thunder Clap
2 Avatar
» actions
| Assign group hotkey | 50 | |
| Basic commands | 92 | |
| Build / train | 166 | |
| ESC pressed | 1 | |
| Enter build submenu | 39 | |
| Enter hero's abilities submenu | 7 | |
| Give item / drop item | 10 | |
| Right click | 1107 | |
| Select / deselect | 262 | |
| Select group hotkey | 638 | |
| Use ability | 184 | |
2556 total
» units
| Peasant | 18 | |
| Footman | 5 | |
| Dragonhawk Rider | 2 | |
| Gryphon Rider | 9 | |
34 total
» upgrades
| Masonry | 3 | |
| Swords | 3 | |
| Armor | 3 | |
| Animal War Training | 1 | |
| Storm Hammers | 1 | |
| Cloud | 1 | |
12 total
» buildings
| Altar of Kings | 1 | |
| Barracks | 1 | |
| Farm | 12 | |
| Arcane Vault | 1 | |
| Lumber Mill | 1 | |
| Keep | 5 | |
| Scout Tower | 30 | |
| Blacksmith | 1 | |
| Guard Tower | 62 | |
| Castle | 2 | |
| Gryphon Aviary | 3 | |
| Town Hall | 1 | |
120 total
» build order
00:37 Altar of Kings
00:50 Barracks
00:52 Farm
01:04 Farm
01:34 Farm
01:57 Arcane Vault
02:26 Farm
03:14 Lumber Mill
04:28 Keep
04:29 Keep
04:29 Keep
05:51 Scout Tower
05:52 Scout Tower
06:24 Blacksmith
06:25 Guard Tower
06:26 Guard Tower
06:27 Guard Tower
06:28 Guard Tower
07:38 Castle
07:38 Castle
07:41 Gryphon Aviary
07:42 Gryphon Aviary
09:12 Farm
09:13 Farm
10:10 Town Hall
10:11 Scout Tower
10:12 Scout Tower
10:12 Scout Tower
10:13 Scout Tower
10:14 Scout Tower
10:14 Scout Tower
10:15 Scout Tower
10:15 Scout Tower
10:16 Scout Tower
10:16 Scout Tower
10:17 Scout Tower
10:17 Scout Tower
10:18 Scout Tower
10:18 Scout Tower
10:41 Guard Tower
10:42 Guard Tower
10:42 Guard Tower
10:42 Guard Tower
10:48 Guard Tower
10:49 Guard Tower
10:49 Guard Tower
11:23 Guard Tower
11:52 Guard Tower
11:52 Guard Tower
11:52 Guard Tower
12:22 Guard Tower
12:23 Guard Tower
12:23 Guard Tower
12:23 Guard Tower
12:23 Guard Tower
12:24 Guard Tower
12:26 Scout Tower
14:16 Gryphon Aviary
15:58 Scout Tower
15:59 Scout Tower
16:20 Scout Tower
16:32 Guard Tower
16:32 Guard Tower
16:33 Guard Tower
16:33 Guard Tower
16:46 Farm
17:12 Guard Tower
17:12 Guard Tower
17:12 Guard Tower
17:13 Guard Tower
18:09 Guard Tower
18:09 Guard Tower
18:09 Guard Tower
18:09 Guard Tower
19:14 Farm
19:16 Farm
19:21 Farm
19:23 Farm
19:24 Farm
20:16 Scout Tower
20:17 Scout Tower
20:18 Scout Tower
20:21 Scout Tower
20:22 Scout Tower
20:24 Scout Tower
20:24 Scout Tower
20:26 Scout Tower
20:27 Scout Tower
20:28 Scout Tower
21:07 Guard Tower
22:13 Guard Tower
22:13 Guard Tower
22:13 Guard Tower
22:14 Guard Tower
26:01 Guard Tower
26:01 Guard Tower
26:01 Guard Tower
26:02 Guard Tower
» items
| Scroll of Regeneration | 6 | |
| Lesser Clarity Potion | 6 | |
| Boots of Speed | 1 | |
| Staff of Teleportation | 1 | |
| Potion of Lesser Invulnerability | 1 | |
| Orb of Corruption | 5 | |
| Healing Salve | 1 | |
| Scroll of Town Portal | 1 | |
| Orb of Lightning | 1 | |
| Tiny Great Hall | 1 | |
24 total

»
ac2030 (
red | 110 APM | 2611 actions | 23:41)
5 Death Knight
3 Death Coil
2 Unholy Aura
4 Lich
2 Frost Nova
2 Frost Armor
» actions
| Assign group hotkey | 27 | |
| Basic commands | 371 | |
| Build / train | 64 | |
| ESC pressed | 1 | |
| Enter build submenu | 20 | |
| Enter hero's abilities submenu | 9 | |
| Give item / drop item | 2 | |
| Right click | 770 | |
| Select / deselect | 250 | |
| Select group hotkey | 990 | |
| Use ability | 107 | |
2611 total
» units
| Acolyte | 7 | |
| Ghoul | 2 | |
| Crypt Fiend | 11 | |
| Obsidian Statue | 2 | |
| Frost Wyrm | 1 | |
23 total
» upgrades
| Backpack | 1 | |
| Burrow | 1 | |
| Web | 1 | |
| Creature Attack | 3 | |
6 total
» buildings
| Graveyard | 1 | |
| Crypt | 1 | |
| Altar of Darkness | 1 | |
| Ziggurat | 5 | |
| Tomb of Relics | 1 | |
| Nerubian Tower | 2 | |
| Halls of the Dead | 3 | |
| Black Citadel | 4 | |
| Slaughterhouse | 1 | |
| Sacrificial Pit | 1 | |
| Boneyard | 1 | |
21 total
» build order
00:10 Graveyard
00:13 Crypt
00:50 Altar of Darkness
00:57 Ziggurat
01:33 Tomb of Relics
01:49 Ziggurat
02:01 Nerubian Tower
02:02 Nerubian Tower
03:41 Halls of the Dead
03:41 Halls of the Dead
04:39 Ziggurat
06:08 Black Citadel
06:08 Black Citadel
06:08 Black Citadel
06:56 Slaughterhouse
08:57 Ziggurat
09:04 Sacrificial Pit
10:17 Boneyard
13:30 Ziggurat
» items
| Rod of Necromancy | 4 | |
| Lesser Clarity Potion | 1 | |
| Healing Salve | 1 | |
| Potion of Healing | 2 | |
| Orb of Corruption | 1 | |
| Scroll of Town Portal | 4 | |
13 total
Chat log
(00:15 / All) POOPSICKLE.: jake busey was awesome in starship troopers
(00:27 / All) thatdudeagain: he ws better in the third one
(00:34 / All) POOPSICKLE.: never seen 3rd one
(00:42 / All) thatdudeagain: so much better than the second
(00:46 / All) POOPSICKLE.: i know the main guy from first one was in it didnt know busey was
(01:13 / All) thatdudeagain: he comes back as a ghost
(01:21 / All) POOPSICKLE.: wtf
(01:28 / All) POOPSICKLE.: ur kidding?
(01:31 / All) thatdudeagain: no
(01:37 / All) thatdudeagain: the bugs have ghost bugs
(01:46 / All) POOPSICKLE.: did he die in first one i dont remember
(01:51 / All) thatdudeagain: ya
(01:51 / All) leavebeforeWIN: just saw interstellar
(01:54 / All) leavebeforeWIN: that was pretty dope
(01:56 / All) POOPSICKLE.: how is that
(01:57 / All) thatdudeagain: thats a movie in space too
(02:09 / All) leavebeforeWIN: 1000 times better than gravity
(02:14 / All) thatdudeagain: oh ya
(02:15 / All) POOPSICKLE.: gravity got me dizzy
(02:40 / All) OWNUBEFOREBED: Gravity was mostly lame
(02:43 / All) OWNUBEFOREBED: it had a couple cool scenes
(02:49 / All) thatdudeagain: i thought it sucked balls
(02:55 / All) OWNUBEFOREBED: Yeah it did
(02:57 / All) leavebeforeWIN: i DLed a torrent and quality sucked
(03:00 / All) leavebeforeWIN: so it was boring as fuck
(03:00 / All) POOPSICKLE.: i want to see that new one with ned stark in it. jupiter ascending or some shit
(03:06 / All) thatdudeagain: thats so bad
(05:27 / Allies) Gary-Busey.1: u getting any casters oj?
(05:31 / Allies) thatdudeagain: ya
(05:33 / Allies) thatdudeagain: lust
(05:35 / Allies) thatdudeagain: and tauren
(05:39 / Allies) Gary-Busey.1: k
(06:56 / All) POOPSICKLE.: easy there red
(07:01 / All) POOPSICKLE.: dont be hasty now
(09:27 / Allies) OWNUBEFOREBED: I'm expoing here
(09:47 / Allies) ac2030: gi
(09:50 / Allies) ac2030: go
(15:30 / Allies) OWNUBEFOREBED: ty
(16:22 / Allies) thatdudeagain: or you can just kill him
(16:27 / Allies) OWNUBEFOREBED: better than my tower
(17:00 / Allies) thatdudeagain: help
(17:03 / Allies) thatdudeagain: i need a
(17:05 / All) thatdudeagain: aa
(17:53 / Allies) thatdudeagain: green can you put wards up every where now
(18:16 / Allies) OWNUBEFOREBED: wood please
(18:26 / Allies) OWNUBEFOREBED: thanks orange
(18:40 / All) leavebeforeWIN: such ajoke my entire team massed towers lol
(18:45 / All) OWNUBEFOREBED: that bolt made him leave LOL
(18:53 / All) POOPSICKLE.: lalw
(19:15 / Allies) thatdudeagain: yellow can i have some gold
(19:54 / All) POOPSICKLE.: finally u stupid ngigers get burrow upgrades
(20:33 / All) POOPSICKLE.: u guys are gonna lose
(20:35 / All) POOPSICKLE.: badly
(21:28 / All) OWNUBEFOREBED: wtf
(21:30 / All) OWNUBEFOREBED: grene is tking me
(21:38 / Allies) Gary-Busey.1: u started it
(21:43 / All) OWNUBEFOREBED: bullshit
(21:46 / All) OWNUBEFOREBED: you started killing my army
(21:48 / All) OWNUBEFOREBED: for no fucking reason
(21:53 / All) OWNUBEFOREBED: green is tker
(21:59 / Allies) Gary-Busey.1: right
(22:14 / All) POOPSICKLE.: ur sh will die in 30 sec oj
(22:15 / Allies) Gary-Busey.1: teal/yellow friends just gonna jerk off all game
(22:17 / All) POOPSICKLE.: Unless u give it ur tp
(22:21 / All) OWNUBEFOREBED: damn right you are fucking tker
(22:23 / All) OWNUBEFOREBED: bitch
(22:42 / All) POOPSICKLE.: didnt i tell u
(22:42 / All) POOPSICKLE.: oj
(22:56 / All) OWNUBEFOREBED: I have hawks green
(23:00 / All) OWNUBEFOREBED: Your burrows do jack shit in a second
(23:33 / Allies) Gary-Busey.1: lol ok whatever
(23:34 / Allies) Gary-Busey.1: gg
(23:35 / Allies) thatdudeagain: hey yellow
(23:39 / Allies) thatdudeagain: wanna kill teal for me
(24:43 / All) OWNUBEFOREBED: Time for you to leave orange
(24:44 / All) POOPSICKLE.: quit wasting tps u guys
(24:45 / All) OWNUBEFOREBED: Red and green did
(25:18 / Allies) thatdudeagain: oh
(25:21 / Allies) thatdudeagain: its one of those things eh yellow
(25:23 / Allies) thatdudeagain: your such a faggot
(25:26 / All) OWNUBEFOREBED: Nothing personal
(25:29 / Allies) thatdudeagain: your on the list
(25:32 / All) OWNUBEFOREBED: It must be done
(25:35 / All) OWNUBEFOREBED: lawl
(25:38 / All) OWNUBEFOREBED: "your on the list"
(25:45 / All) POOPSICKLE.: who said that
(25:46 / All) POOPSICKLE.: oj?
(25:47 / All) OWNUBEFOREBED: orange
(25:50 / All) OWNUBEFOREBED: before leaving
(25:56 / All) OWNUBEFOREBED: "your such a faggot"
(25:58 / All) OWNUBEFOREBED: "your on the list"
(26:01 / All) POOPSICKLE.: this was a decent game
(26:03 / All) POOPSICKLE.: for a short one
(26:07 / All) OWNUBEFOREBED: no chat but it was fun gameplay
(26:11 / All) POOPSICKLE.: guess
(26:12 / All) POOPSICKLE.: gmae time
(26:16 / All) POOPSICKLE.: i ay 34 min
(26:18 / All) POOPSICKLE.: U?
(26:20 / All) OWNUBEFOREBED: 38